| TOP OF THE 1ST |
|
Atlanta (MID) Braves batting - Pitching for Hagerstown Suns : LHP Ed Thorpe Jr.
|
|
Pitching: LHP Ed Thorpe Jr.
|
|
|
Batting: LHB Eric Jackson
|
0-0: Ball 1-0: Foul Ball, location: 2F 1-1: Ball 2-1: Ground out 6-3 (Groundball, 6, EV 87.5 MPH)
|
|
Batting: RHB Chris Trites
|
0-0: Swinging Strike 0-1: Foul Ball, location: 2F 0-2: Strikes out swinging
|
|
Batting: LHB Tamaichi Sasada
|
0-0: Ground out U3 (Groundball, 34, EV 86.2 MPH)
|
| Top of the 1st over - 0 runs, 0 hits, 0 errors, 0 left on base; Atlanta (MID) 0 - Hagerstown 0 |
| BOTTOM OF THE 1ST |
|
Hagerstown Suns batting - Pitching for Atlanta (MID) Braves : LHP Jordan Ruiz
|
|
Pitching: LHP Jordan Ruiz
|
|
|
Batting: RHB Taffounnout Kame
|
0-0: Ball 1-0: Ball 2-0: Swinging Strike 2-1: Ground out 5-3 (Groundball, 5S, EV 71.2 MPH)
|
|
Batting: RHB Steve Kunselman
|
0-0: Called Strike 0-1: Ball 1-1: Ball 2-1: Swinging Strike 2-2: Strikes out swinging
|
|
Batting: RHB Pat Scaturro
|
0-0: Swinging Strike 0-1: Swinging Strike 0-2: Strikes out swinging
|
| Bottom of the 1st over - 0 runs, 0 hits, 0 errors, 0 left on base; Atlanta (MID) 0 - Hagerstown 0 |
| TOP OF THE 2ND |
|
Atlanta (MID) Braves batting - Pitching for Hagerstown Suns : LHP Ed Thorpe Jr.
|
|
Batting: RHB Josh McCormick
|
0-0: Ground out 6-3 (Groundball, 6, EV 80.0 MPH)
|
|
Batting: RHB Costantino Dolfini
|
0-0: Swinging Strike 0-1: Ball 1-1: Ball 2-1: Ball 3-1: Base on Balls
|
|
Batting: RHB Nick Holsinger
|
0-0: Ball Costantino Dolfini is caught stealing 2nd base 2-4 1-0: Reached on error, E6 (Groundball, 6M, EV 101.9 MPH)
|
|
Batting: RHB Alex Campos
|
0-0: Fielders Choice at 2nd, U6 (Groundball, 6M, EV 85.0 MPH)
|
| Top of the 2nd over - 0 runs, 0 hits, 1 error, 1 left on base; Atlanta (MID) 0 - Hagerstown 0 |
| BOTTOM OF THE 2ND |
|
Hagerstown Suns batting - Pitching for Atlanta (MID) Braves : LHP Jordan Ruiz
|
|
Batting: RHB Roger Simmons
|
0-0: Ball 1-0: Called Strike 1-1: Foul Ball, location: 2F 1-2: Ball 2-2: Ball 3-2: Ground out 4-3 (Groundball, 4M, EV 100.0 MPH)
|
|
Batting: RHB Rudolph Lentz
|
0-0: Ball 1-0: Ball 2-0: Called Strike 2-1: Ball 3-1: Foul Ball, location: 2F 3-2: Strikes out swinging
|
|
Batting: RHB Hun-hyeon Kym
|
0-0: Ball 1-0: Foul Ball, location: 2F 1-1: Ball 2-1: Ball 3-1: Base on Balls
|
|
Batting: RHB Vasag Semerjian
|
0-0: Ball 1-0: Called Strike 1-1: Foul Ball, location: 2F 1-2: Strikes out swinging
|
| Bottom of the 2nd over - 0 runs, 0 hits, 0 errors, 1 left on base; Atlanta (MID) 0 - Hagerstown 0 |
| TOP OF THE 3RD |
|
Atlanta (MID) Braves batting - Pitching for Hagerstown Suns : LHP Ed Thorpe Jr.
|
|
Batting: RHB Adonis Jenifer
|
0-0: Ball 1-0: Called Strike 1-1: Ball 2-1: Ball 3-1: Base on Balls
|
|
Batting: RHB Gabe Allen
|
0-0: Called Strike 0-1: Foul Ball, location: 2F 0-2: Strikes out swinging
|
|
Batting: LHB Eric Jackson
|
0-0: Reached on error, E1 (Groundball, 34S, EV 66.2 MPH) Adonis Jenifer to second
|
|
Batting: RHB Chris Trites
|
0-0: Ball 1-0: Called Strike 1-1: Swinging Strike 1-2: Ball 2-2: Ball 3-2: Base on Balls Adonis Jenifer to third Eric Jackson to second
|
|
Batting: LHB Tamaichi Sasada
|
0-0: Called Strike 0-1: Ball 1-1: Foul Ball, location: 2F 1-2: Fielders Choice at 2nd, 4-6 (Groundball, 4, EV 85.6 MPH) Adonis Jenifer scores Eric Jackson to third
|
|
Batting: RHB Josh McCormick
|
0-0: Ball 1-0: Foul Ball, location: 2F 1-1: Swinging Strike 1-2: Ball 2-2: Strikes out looking
|
| Top of the 3rd over - 1 run, 0 hits, 1 error, 2 left on base; Atlanta (MID) 1 - Hagerstown 0 |
| BOTTOM OF THE 3RD |
|
Hagerstown Suns batting - Pitching for Atlanta (MID) Braves : LHP Jordan Ruiz
|
|
Batting: RHB Yok-sing Szema
|
0-0: Ball 1-0: Swinging Strike 1-1: Foul Ball, location: 2F 1-2: Foul Ball, location: 2F 1-2: Strikes out swinging
|
|
Batting: RHB Alex Martinez
|
0-0: Ball 1-0: Called Strike 1-1: Swinging Strike 1-2: Ball 2-2: Ground out 6-3 (Groundball, 6, EV 83.1 MPH)
|
|
Batting: RHB Taffounnout Kame
|
0-0: Foul Ball, location: 2F 0-1: Ground out 5-3 (Groundball, 56S, EV 86.2 MPH)
|
| Bottom of the 3rd over - 0 runs, 0 hits, 0 errors, 0 left on base; Atlanta (MID) 1 - Hagerstown 0 |
| TOP OF THE 4TH |
|
Atlanta (MID) Braves batting - Pitching for Hagerstown Suns : LHP Ed Thorpe Jr.
|
|
Batting: RHB Costantino Dolfini
|
0-0: Fly out, F4 (Flyball, 4D, EV 88.8 MPH)
|
|
Batting: RHB Nick Holsinger
|
0-0: Fly out, F8 (Flyball, 8RXD, EV 85.6 MPH)
|
|
Batting: RHB Alex Campos
|
0-0: Ball 1-0: Fly out, F9 (Flyball, 9D, EV 92.5 MPH)
|
| Top of the 4th over - 0 runs, 0 hits, 0 errors, 0 left on base; Atlanta (MID) 1 - Hagerstown 0 |
| BOTTOM OF THE 4TH |
|
Hagerstown Suns batting - Pitching for Atlanta (MID) Braves : LHP Jordan Ruiz
|
|
Batting: RHB Steve Kunselman
|
0-0: Foul Ball, location: 2F 0-1: Ball 1-1: Foul Ball, location: 2F 1-2: Ball 2-2: Ground out 1-3 (Groundball, 13S, EV 64.4 MPH)
|
|
Batting: RHB Pat Scaturro
|
0-0: Ball 1-0: Foul Ball, location: 2F 1-1: Fly out, F9 (Flyball, 9LSF, EV 81.2 MPH)
|
|
Batting: RHB Roger Simmons
|
0-0: Called Strike 0-1: Ball 1-1: Ball 2-1: Swinging Strike 2-2: Fly out, F8 (Flyball, 8LXD, EV 88.1 MPH)
|
| Bottom of the 4th over - 0 runs, 0 hits, 0 errors, 0 left on base; Atlanta (MID) 1 - Hagerstown 0 |
| TOP OF THE 5TH |
|
Atlanta (MID) Braves batting - Pitching for Hagerstown Suns : LHP Ed Thorpe Jr.
|
|
Batting: RHB Adonis Jenifer
|
0-0: Ball 1-0: Foul Ball, location: 2F 1-1: Swinging Strike 1-2: Ball 2-2: Strikes out swinging
|
|
Batting: RHB Gabe Allen
|
0-0: Ball 1-0: Ball 2-0: Foul Ball, location: 2F 2-1: Swinging Strike 2-2: DOUBLE (Flyball, 8RD, EV 88.8 MPH)
|
|
Batting: LHB Eric Jackson
|
0-0: Ground out 4-3 (Groundball, 4MD, EV 95.6 MPH) Gabe Allen to third
|
|
Batting: RHB Chris Trites
|
0-0: Ball 1-0: Called Strike 1-1: Called Strike 1-2: Ball 2-2: Ball 3-2: Base on Balls
|
|
Batting: LHB Tamaichi Sasada
|
0-0: Called Strike 0-1: Ball 1-1: Ball 2-1: Ball 3-1: Base on Balls Chris Trites to second
|
|
Batting: RHB Josh McCormick
|
0-0: Ball 1-0: SINGLE (Line Drive, 56, EV 99.4 MPH) Gabe Allen scores Chris Trites to third Tamaichi Sasada to second Runner from 3rd tries for Home, SAFE, throw by LF to home
|
|
Batting: RHB Costantino Dolfini
|
0-0: Ball 1-0: Ground out 1-3 (Groundball, 15, EV 68.8 MPH)
|
| Top of the 5th over - 2 runs, 2 hits, 0 errors, 2 left on base; Atlanta (MID) 3 - Hagerstown 0 |
| BOTTOM OF THE 5TH |
|
Hagerstown Suns batting - Pitching for Atlanta (MID) Braves : LHP Jordan Ruiz
|
|
Batting: RHB Rudolph Lentz
|
0-0: TRIPLE (Line Drive, 89XD, EV 98.1 MPH)
|
|
Batting: RHB Hun-hyeon Kym
|
0-0: Foul Ball, location: 2F 0-1: Swinging Strike 0-2: Ball 1-2: Strikes out swinging
|
|
Batting: RHB Vasag Semerjian
|
0-0: Swinging Strike 0-1: Swinging Strike 0-2: Fly out, F7 (Flyball, 7, EV 93.1 MPH)
|
|
Batting: RHB Yok-sing Szema
|
0-0: Ball 1-0: Ball 2-0: Called Strike 2-1: Ball 3-1: Called Strike 3-2: Strikes out swinging
|
| Bottom of the 5th over - 0 runs, 1 hit, 0 errors, 1 left on base; Atlanta (MID) 3 - Hagerstown 0 |
| TOP OF THE 6TH |
|
Atlanta (MID) Braves batting - Pitching for Hagerstown Suns : LHP Ed Thorpe Jr.
|
|
Batting: RHB Nick Holsinger
|
0-0: Ball 1-0: Ground out 4-3 (Groundball, 4M, EV 76.2 MPH)
|
|
Batting: RHB Alex Campos
|
0-0: Called Strike 0-1: Ball 1-1: Called Strike 1-2: Ball 2-2: Strikes out swinging
|
|
Batting: RHB Adonis Jenifer
|
0-0: Called Strike 0-1: Ball 1-1: Ball 2-1: Ball 3-1: Foul Ball, location: 2F 3-2: Base on Balls
|
|
Batting: RHB Gabe Allen
|
0-0: Ball 1-0: Fielders Choice at 2nd, 6-4 (Groundball, 6, EV 79.4 MPH)
|
| Top of the 6th over - 0 runs, 0 hits, 0 errors, 1 left on base; Atlanta (MID) 3 - Hagerstown 0 |
| BOTTOM OF THE 6TH |
|
Hagerstown Suns batting - Pitching for Atlanta (MID) Braves : LHP Jordan Ruiz
|
|
Batting: RHB Alex Martinez
|
0-0: Swinging Strike 0-1: Called Strike 0-2: Foul Ball, location: 2F 0-2: Foul Ball, location: 2F 0-2: Foul Ball, location: 2F 0-2: Ball 1-2: Ball 2-2: Foul Ball, location: 2F 2-2: Foul Ball, location: 2F 2-2: Strikes out swinging
|
|
Batting: RHB Taffounnout Kame
|
0-0: Foul Ball, location: 2F 0-1: Ball 1-1: Swinging Strike 1-2: Strikes out looking
|
|
Batting: RHB Steve Kunselman
|
0-0: Called Strike 0-1: Ball 1-1: Swinging Strike 1-2: Ball 2-2: Strikes out looking
|
| Bottom of the 6th over - 0 runs, 0 hits, 0 errors, 0 left on base; Atlanta (MID) 3 - Hagerstown 0 |
| TOP OF THE 7TH |
|
Atlanta (MID) Braves batting - Pitching for Hagerstown Suns : LHP Ed Thorpe Jr.
|
|
Pitching: RHP Joe Adelmann
|
|
|
Batting: LHB Eric Jackson
|
0-0: Called Strike 0-1: Ball 1-1: Foul Ball, location: 2F 1-2: Ball 2-2: DOUBLE (Line Drive, 78D, EV 101.9 MPH)
|
|
Batting: RHB Chris Trites
|
0-0: Foul Ball, location: 2F 0-1: Ball 1-1: Swinging Strike 1-2: Strikes out swinging
|
|
Batting: LHB Tamaichi Sasada
|
0-0: Intentional Walk
|
|
Batting: RHB Josh McCormick
|
0-0: Ball 1-0: Grounds into double play, 3-6-3 (Groundball, 34, EV 83.1 MPH)
|
| Top of the 7th over - 0 runs, 1 hit, 0 errors, 1 left on base; Atlanta (MID) 3 - Hagerstown 0 |
| BOTTOM OF THE 7TH |
|
Hagerstown Suns batting - Pitching for Atlanta (MID) Braves : LHP Jordan Ruiz
|
|
Batting: RHB Pat Scaturro
|
0-0: Ball 1-0: Foul Ball, location: 2F 1-1: Ball 2-1: Fly out, F8 (Line Drive, 8LM, EV 85.6 MPH)
|
|
Batting: RHB Roger Simmons
|
0-0: Foul Ball, location: 2F 0-1: Ball 1-1: Fly out, F5 (Popup, 5S, EV 79.4 MPH)
|
|
Batting: RHB Rudolph Lentz
|
0-0: Called Strike 0-1: Swinging Strike 0-2: Strikes out swinging
|
| Bottom of the 7th over - 0 runs, 0 hits, 0 errors, 0 left on base; Atlanta (MID) 3 - Hagerstown 0 |
| TOP OF THE 8TH |
|
Atlanta (MID) Braves batting - Pitching for Hagerstown Suns : RHP Joe Adelmann
|
|
Batting: RHB Costantino Dolfini
|
0-0: Swinging Strike 0-1: Called Strike 0-2: Strikes out swinging
|
|
Batting: RHB Nick Holsinger
|
0-0: Foul Ball, location: 2F 0-1: Ball 1-1: Swinging Strike 1-2: Ball 2-2: Strikes out looking
|
|
Batting: RHB Alex Campos
|
0-0: Ball 1-0: Ball 2-0: Ball 3-0: Base on Balls
|
|
Batting: RHB Adonis Jenifer
|
0-0: Ball 1-0: Called Strike 1-1: Ball 2-1: Called Strike 2-2: Strikes out swinging
|
| Top of the 8th over - 0 runs, 0 hits, 0 errors, 1 left on base; Atlanta (MID) 3 - Hagerstown 0 |
| BOTTOM OF THE 8TH |
|
Hagerstown Suns batting - Pitching for Atlanta (MID) Braves : LHP Jordan Ruiz
|
|
Pitching: LHP Darius Brown
|
|
|
Batting: RHB Hun-hyeon Kym
|
0-0: Foul Ball, location: 2F 0-1: Called Strike 0-2: Ball 1-2: SINGLE (Groundball, 6S, EV 96.2 MPH)
|
|
Batting: RHB Vasag Semerjian
|
0-0: Ball 1-0: Grounds into double play, 5-4-3 (Groundball, 56, EV 106.9 MPH)
|
|
Batting: RHB Yok-sing Szema
|
0-0: Ball 1-0: Ground out 6-3 (Groundball, 6, EV 94.4 MPH)
|
| Bottom of the 8th over - 0 runs, 1 hit, 0 errors, 0 left on base; Atlanta (MID) 3 - Hagerstown 0 |
| TOP OF THE 9TH |
|
Atlanta (MID) Braves batting - Pitching for Hagerstown Suns : RHP Joe Adelmann
|
|
Pitching: RHP Cheng-ho Tai
|
|
|
Batting: RHB Gabe Allen
|
0-0: Foul Ball, location: 2F 0-1: Ball 1-1: Ground out 6-3 (Groundball, 56D, EV 109.4 MPH)
|
|
Batting: LHB Eric Jackson
|
0-0: Ball 1-0: Called Strike 1-1: Foul Ball, location: 2F 1-2: Ground out 6-3 (Groundball, 6, EV 89.4 MPH)
|
|
Batting: RHB Chris Trites
|
0-0: Called Strike 0-1: Swinging Strike 0-2: Ball 1-2: Foul Ball, location: 2F 1-2: Ball 2-2: Foul Ball, location: 2F 2-2: DOUBLE (Groundball, 5L, EV 98.1 MPH)
|
|
Batting: LHB Tamaichi Sasada
|
0-0: Fly out, F9 (Flyball, 9, EV 88.8 MPH)
|
| Top of the 9th over - 0 runs, 1 hit, 0 errors, 1 left on base; Atlanta (MID) 3 - Hagerstown 0 |
| BOTTOM OF THE 9TH |
|
Hagerstown Suns batting - Pitching for Atlanta (MID) Braves : LHP Darius Brown
|
|
Pitching: LHP Tyler Portier
|
|
|
Batting: RHB Alex Martinez
|
0-0: Ball 1-0: Ball 2-0: SINGLE (Groundball, 6MS, EV 66.9 MPH) (infield hit)
|
|
Batting: RHB Taffounnout Kame
|
0-0: Foul Ball, location: 2F 0-1: Ball 1-1: Foul Ball, location: 2F 1-2: Foul Ball, location: 2F 1-2: Foul Ball, location: 2F 1-2: Ball 2-2: Ball 3-2: Ground out 6-3 (Groundball, 56, EV 100.6 MPH) Alex Martinez to second
|
|
Batting: RHB Steve Kunselman
|
0-0: Swinging Strike 0-1: Called Strike 0-2: SINGLE (Line Drive, 5L, EV 99.4 MPH) Alex Martinez to third
|
|
Batting: RHB Pat Scaturro
|
0-0: Ball 1-0: Foul Ball, location: 2F 1-1: Foul Ball, location: 2F 1-2: Fly out, F7 (Flyball, 7D, EV 100.0 MPH) Runner from 3rd tags up, SCORES, no throw by LF
|
|
Batting: RHB Roger Simmons
|
0-0: Called Strike 0-1: Ground out 6-3 (Groundball, 6S, EV 77.5 MPH)
|
| Bottom of the 9th over - 1 run, 2 hits, 0 errors, 1 left on base; Atlanta (MID) 3 - Hagerstown 1 |
|